 Dungeon Sprint DCSS version 0.28-a0-258-g8de209e91f (webtiles) character file.

Game seed: 6100402963351074651

2205 nicanaca0 the Brawler (level 9, -1/79 HPs)
             Began as a Ghoul Monk on Aug 26, 2021.
             Was a High Priest of Makhleb.
             Slain by a six-headed hydra (12 damage)
             ... in the Dungeon (Sprint IX: "|||||||||||||||||||||||||||||").
             The game lasted 00:04:23 (779 turns).

nicanaca0 the Brawler (Ghoul Monk)                   Turns: 779, Time: 00:04:23

Health: -1/79      AC: 13    Str: 15    XL:     9   Next: 34%
Magic:  14/14      EV: 10    Int:  8    God:    Makhleb [*****.]
Gold:   15         SH:  0    Dex: 14    Spells: 8/8 levels left

rFire   . . .      SeeInvis .     - Unarmed
rCold   + . .      Faith    .   (no shield)
rNeg    + + +      Spirit   .   m - +1 chain mail
rPois   ∞          Reflect  .   j - +0 helmet
rElec   .          Harm     .   (no cloak)
rCorr   .          Rampage  .   (no gloves)
Will    .....      NoTele   +   i - +0 pair of boots
Stlth   ..........              (no amulet)
HPRegen 0.00/turn               k - +2 ring of evasion
MPRegen 0.14/turn               l - +3 ring of dexterity

@: inhibited regen
A: claws 1, cold resistance 1, negative energy resistance 3, inhibited
regeneration, torment resistance 2
a: Renounce Religion, Minor Destruction, Lesser Servant of Makhleb, Major
Destruction, Greater Servant of Makhleb


You were in the Dungeon.
You worshipped Makhleb.
Makhleb was extremely pleased with you.
You visited 1 branch You collected 15 gold pieces.

Inventory:

Missiles
 d - 8 poisoned darts (quivered)
Armour
 a - a +0 robe
 i - a +0 pair of boots (worn)
 j - a +0 helmet (worn)
 m - a +1 chain mail (worn)
Jewellery
 k - a +2 ring of evasion (left claw)
 l - a +3 ring of dexterity (right claw)
Wands
 h - a wand of acid (7)
Scrolls
 f - 3 scrolls of blinking
 g - 2 scrolls of amnesia
 q - 2 scrolls of enchant weapon
 r - a scroll of fear
 s - 2 scrolls of identify {@r1}
Potions
 b - 6 potions of curing {@q1}
 c - 5 potions of heal wounds {@q2}
 e - 4 potions of magic
 n - 2 potions of haste
 o - a potion of resistance
 p - a potion of mutation


   Skills:
 * Level 7.4 Fighting
 + Level 6.5 Armour
 + Level 5.0 Dodging
 - Level 2.1 Stealth
 * Level 16.8 Unarmed Combat
 + Level 8.3 Invocations


You had 8 spell levels left.
You didn't know any spells.
Your spell library was empty.

Dungeon Overview and Level Annotations

Branches:
Dungeon (1/1)

Altars:
Cheibriados
Dithmenos
Elyvilon
Fedhas
Gozag
Hepliaklqana
Kikubaaqudgha
Makhleb
Nemelex Xobeh
Okawaru
Qazlal
Ru
Sif Muna
Trog
Uskayaw
Vehumet
Wu Jian
Xom
Yredelemnul
Zin
The Shining One
Beogh
Jiyva
Lugonu


Innate Abilities, Weirdness & Mutations

You thrive by killing the living.
You are immune to poison.
You have sharp fingernails.
Your flesh is cold resistant. (rC+)
You are immune to negative energy. (rN+++)
You do not regenerate when monsters are visible.
You are immune to unholy pain and torment.


Message History

Your Fighting skill increases to level 7!
Your Dodging skill increases to level 5!
Aiming: Corrosive Bolt
Press: ? - help, Shift-Dir - straight line, f/p - wolf
Aim: a wolf (53% to hit)
The bolt of acid hits the six-headed hydra!
The six-headed hydra is moderately wounded.
The bolt of acid hits the yak!
The yak seems to be corroded for longer.
The yak is severely wounded.
The bolt of acid misses the water moccasin.
The bolt of acid hits the wolf!
The acid corrodes the wolf!
The wolf is moderately wounded.
The six-headed hydra bites you but does no damage. x3
The six-headed hydra barely misses you. x2
The six-headed hydra closely misses you.
Press: ? - help, Shift-Dir - straight line, f/p - wolf
Aim: a wolf (moderately wounded, covered in acid)
The bolt of magma hits the six-headed hydra!!
The six-headed hydra is severely wounded.
The bolt of magma hits the yak!
The yak is almost dead.
The bolt of magma misses the water moccasin.
The bolt of magma hits the wolf!!
You kill the wolf!
Makhleb accepts your kill.
You feel better.
The bolt of magma hits the rime drake!!
The rime drake is severely wounded.
The bolt of magma hits the wolf!
The wolf is severely wounded.
The six-headed hydra bites you!
* * * LOW HITPOINT WARNING * * *
The six-headed hydra bites you.
* * * LOW HITPOINT WARNING * * *
The six-headed hydra bites you!
* * * LOW HITPOINT WARNING * * *
The six-headed hydra bites you but does no damage.
The six-headed hydra closely misses you.
The six-headed hydra bites you!
You die...

▓_▓.▓.▓
▓_▓.▓.▓
▓_▓.▓.▓
▓_▓.▓h▓
▓_▓.▓k▓
▓_▓.▓S▓
▓_▓.▓Y▓
▓_▓.▓D▓
▓_▓.▓@▓
▓_▓.▓.▓
▓_▓.▓.▓
▓'▓.▓.▓
▓.▓.▓.▓
▓.▓.▓[▓
▓.▓.▓.▓
▓.▓.▓.▓
▓)▓.▓.▓


You could see a six-headed hydra (corroded), a yak (corroded), a rime drake, a
water moccasin and a wolf.

Vanquished Creatures
  A komodo dragon (D)
  An unseen horror (D)
  A troll (D)
  A slime creature (D)
  A shadow (D)
  A vampire (D)
  A yak (D)
  2 vampire mosquitoes (D)
  An acid dragon (D)
  An orc warrior (D)
  2 wolves (D)
  A kobold brigand (D)
  3 scorpions (D)
  A hound (D)
  An orc (D)
  An endoplasm (D)
  A giant cockroach (D)
  A goblin (D)
  A ball python zombie (D)
  A kobold (D)
  A rat (D)
25 creatures vanquished.

Notes
Turn   | Place    | Note
-------+----------+-------------------------------------------
     0 | D        | nicanaca0 the Ghoul Monk began the quest for the Orb.
     0 | D        | Reached XP level 1. HP: 19/19 MP: 0/0
    11 | D        | Reached skill level 4 in Unarmed Combat
    25 | D        | Reached skill level 5 in Unarmed Combat
    57 | D        | Noticed a scorpion
    57 | D        | Noticed a scorpion
    57 | D        | Noticed a scorpion
    57 | D        | Noticed a hound
    64 | D        | Killed a hound
    65 | D        | Reached skill level 7 in Unarmed Combat
    65 | D        | Reached XP level 2. HP: 20/26 MP: 1/1
    65 | D        | Reached XP level 3. HP: 24/31 MP: 2/2
    75 | D        | Killed a scorpion
    76 | D        | Reached skill level 10 in Unarmed Combat
    76 | D        | Reached XP level 4. HP: 11/38 MP: 3/3
    84 | D        | Killed a scorpion
    85 | D        | Reached skill level 11 in Unarmed Combat
    85 | D        | Reached XP level 5. HP: 16/45 MP: 4/4
    91 | D        | Reached skill level 12 in Unarmed Combat
   130 | D        | Found a snail-covered altar of Cheibriados.
   130 | D        | Found a shadowy altar of Dithmenos.
   130 | D        | Found a blossoming altar of Fedhas.
   130 | D        | Found an opulent altar of Gozag.
   131 | D        | Found a hazy altar of Hepliaklqana.
   132 | D        | Found a viscous altar of Jiyva.
   133 | D        | Found an ancient bone altar of Kikubaaqudgha.
   134 | D        | Found a corrupted altar of Lugonu.
   135 | D        | Found a burning altar of Makhleb.
   136 | D        | Found a sparkling altar of Nemelex Xobeh.
   137 | D        | Found an iron altar of Okawaru.
   138 | D        | Found a stormy altar of Qazlal.
   139 | D        | Found a sacrificial altar of Ru.
   140 | D        | Found a shimmering blue altar of Sif Muna.
   141 | D        | Found a bloodstained altar of Trog.
   142 | D        | Found a hide-covered altar of Uskayaw.
   146 | D        | Became a worshipper of Makhleb the Destroyer
   146 | D        | Reached * piety under Makhleb
   146 | D        | Reached ** piety under Makhleb
   163 | D        | Found a radiant altar of Vehumet.
   164 | D        | Found an ornate altar of the Wu Jian Council.
   165 | D        | Found a shimmering altar of Xom.
   166 | D        | Found a basalt altar of Yredelemnul.
   291 | D        | Noticed a kobold brigand
   291 | D        | Noticed a shadow
   291 | D        | Noticed an orc warrior
   291 | D        | Noticed a yak
   298 | D        | Killed a yak
   299 | D        | Reached skill level 13 in Unarmed Combat
   299 | D        | Reached XP level 6. HP: 53/53 MP: 4/7
   306 | D        | Killed an orc warrior
   307 | D        | Reached skill level 5 in Fighting
   307 | D        | Reached XP level 7. HP: 57/61 MP: 4/9
   313 | D        | Killed an unseen horror
   314 | D        | Reached skill level 14 in Unarmed Combat
   314 | D        | Reached skill level 5 in Invocations
   316 | D        | Killed a shadow
   316 | D        | Reached *** piety under Makhleb
   317 | D        | Reached skill level 5 in Armour
   317 | D        | Reached skill level 15 in Unarmed Combat
   317 | D        | Reached XP level 8. HP: 25/68 MP: 5/11
   506 | D        | Noticed a vampire
   506 | D        | Noticed a troll
   506 | D        | Noticed a slime creature
   519 | D        | Killed a slime creature
   519 | D        | Reached **** piety under Makhleb
   525 | D        | Reached skill level 16 in Unarmed Combat
   531 | D        | Killed a troll
   532 | D        | Reached XP level 9. HP: 72/77 MP: 12/14
   755 | D        | Noticed a rime drake
   755 | D        | Noticed a komodo dragon
   759 | D        | Noticed a six-headed hydra
   761 | D        | Reached ***** piety under Makhleb
   777 | D        | Killed a komodo dragon
   778 | D        | Reached skill level 5 in Dodging
   779 | D        | Slain by a six-headed hydra

Illustrated notes

Levels and vault maps discovered:
D:        linesprint [early_d, line_temple, items_1, d_10, items_2, lair_1,
          lair_end, items_3, orc_1, orc_end, items_4, d_15, swamp_1, shoals_1,
          snake_1, spider_1, d_20, vaults_1, items_5, swamp_end, shoals_end,
          snake_end, spider_end, vaults_end, d_27, items_6, zot_1, zot_end,
          crypt_end, forest_end, elf_end, slime_end, tomb_end, abyss_end,
          pan_hell_end]

Skill      XL: |  1  2  3  4  5  6  7  8  9 |
---------------+----------------------------+-----
Unarmed Combat | 7 10 11 13 15 16 | 16.8
Fighting       | 4 5 6 7 |  7.4
Armour         | 2 3 5 6 |  6.5
Invocations    | 3 4 6 8 |  8.3
Dodging        | 4 5 |  5.0
Stealth        | |  2.1

Action                   |  1- 3 |  4- 6 |  7- 9 || total
-------------------------+-------+-------+-------++-------
Melee: Unarmed           |    34 |    27 |    62 ||   123
       Punch             |       |     2 |     7 ||     9
Invok: Minor Destruction |       |       |     2 ||     2
       Major Destruction |       |       |     1 ||     1
Evoke: Wand              |       |       |     3 ||     3
  Use: Potion            |     1 |     1 |       ||     2
 Stab: Invisible         |       |     2 |     1 ||     3
Armor: Robe              |     2 |       |       ||     2
       Chain mail        |       |     2 |    28 ||    30
Dodge: Dodged            |    20 |    11 |    22 ||    53

Table legend: (Time is in decaauts)
 A = Elapsed time spent in this place.
 B = Non-inter-level travel time spent in this place.
 C = Inter-level travel time spent in this place.
 D = Time resting spent in this place.
 E = Time spent auto-exploring this place.
 F = Levels seen in this place.
 G = Mean time per level.
                   A        B        C        D        E       F      G
               +--------+--------+--------+--------+--------+-----+--------+
         Total |    730 |    730 |      0 |    399 |     78 |   1 |  730.0 |
       Dungeon |    730 |    730 |      0 |    399 |     78 |   1 |  730.0 |
               +--------+--------+--------+--------+--------+-----+--------+

Top non-repeatable levels by time:
       D: 730 daAuts
